 Dungeon Crawl Stone Soup version 0.17.1-1-g73c8601 (webtiles) character file.

857 lisu the Fighter (level 7, 0/69 HPs)
             Began as a Minotaur Fighter on Dec 18, 2015.
             Was a Believer of Makhleb.
             Slain by Duvessa
             ... wielding a +0 rapier
              (11 damage)
             ... on level 3 of the Dungeon on Dec 19, 2015.
             The game lasted 00:43:16 (3881 turns).

lisu the Fighter (Minotaur Fighter)                 Turns: 3881, Time: 00:43:16

Health: 0/69       AC:  8    Str: 23    XL:     7   Next: 70%
Magic:  6/6        EV:  8    Int:  5    God:    Makhleb [**....]
Gold:   217        SH: 10    Dex: 12    Spells: 0 memorised, 6 levels left

rFire  . . .     SeeInvis .     a - +0 trident
rCold  . . .     Clarity  .     b - +0 scale mail
rNeg   . . .     SustAt   .     c - +0 shield
rPois  .         Gourm    .     (helmet restricted)
rElec  .         Spirit   .     f - +0 cloak
rCorr  .         Warding  .     (no gloves)
rMut   .         Stasis   .     (no boots)
MR     +....                    (no amulet)
Stlth  ..........               (no ring)
                                r - +3 ring of dexterity

@: about to teleport, somewhat resistant to hostile enchantments, extremely
unstealthy
A: retaliatory headbutt, horns 2, magic resistance 1
a: Minor Destruction, Renounce Religion


You were on level 3 of the Dungeon.
You worshipped Makhleb.
Makhleb was pleased with you.
You were hungry.

You visited 1 branch of the dungeon, and saw 4 of its levels.
You also visited: Sewer.

You collected 217 gold pieces.

Inventory:

Hand Weapons
 a - a +0 trident (weapon)
Armour
 b - a +0 scale mail (worn)
 c - a +0 shield (worn)
 f - a +0 cloak (worn)
Jewellery
 r - a +3 ring of dexterity (left hand)
 u - an uncursed ring of see invisible {unknown}
Wands
 k - a wand of teleportation (2)
 q - a wand of polymorph (13)
Scrolls
 d - a scroll of random uselessness {unknown}
 i - a scroll of amnesia {unknown}
 l - a scroll of fog {unknown}
 n - a scroll of recharging {unknown}
 o - a scroll of magic mapping {unknown}
 p - 2 scrolls of blinking {unknown}
 t - 7 scrolls of teleportation
Potions
 g - a potion of haste
 h - 2 potions of brilliance
 j - 3 potions of flight {unknown}
 s - a potion of curing {unknown}
 v - 2 potions of invisibility {unknown}
 w - a potion of agility
 x - a potion of ambrosia {unknown}
 z - a potion of lignification {unknown}
Comestibles
 e - 3 bread rations
 m - a meat ration


   Skills:
 * Level 8.5 Fighting
 + Level 5.4 Polearms
 - Level 3.6 Armour
 - Level 6.0 Shields
 + Level 1.1 Invocations


You had 6 spell levels left.
You didn't know any spells.

Dungeon Overview and Level Annotations

Branches:
Dungeon (4/15)
 Temple: D:4-7

Altars:
Elyvilon
Makhleb
Nemelex Xobeh
Trog

Annotations:
D:3 Duvessa


Innate Abilities, Weirdness & Mutations

You reflexively headbutt those who attack you in melee.
You have a pair of horns on your head.
You are resistant to hostile enchantments.


Message History

Duvessa goes berserk!
Your Invocations skill increases to level 1!
You block Duvessa's attack. Duvessa hits you but does no damage.
You closely miss Duvessa. You headbutt Duvessa!
Duvessa is moderately wounded.
Duvessa hits you with a rapier.
You puncture Duvessa! Your headbutt misses Duvessa.
Duvessa is heavily wounded.
Duvessa barely misses you. Duvessa hits you with a rapier!
Duvessa hits you with a rapier!
You climb upwards.
There is a stone staircase leading down here.
Drink which item? (? for menu, Esc to quit)
Okay, then.
Read which item? (? for menu, Esc to quit)
As you read the scroll of teleportation, it crumbles to dust.
You feel strangely unstable. Duvessa hits you with a rapier!
* * * LOW HITPOINT WARNING * * *
Duvessa hits you with a rapier!
You die...

#...# #........#........#..#.#.#.
#...# #...###................#.#.
#...# #...# #......##.##.#..##.#.
#...# #...# #._................#.
#...#########....#.##...###.##...
#................#..........#....
...............#.#)............##
...............#.##.########...#
................@e..#...#......#
...................##.#.#.###..#
...................##'#........#
...............###.....##.##...##
.................##....##.#......
...##########....##....##.#..#...
...........##....##....##.#......
...........##....##....##.#......
..................#######.#+####.


You could see Duvessa (berserk).

Vanquished Creatures
  Grinder (D:3)
  2 ogres (D:4)
  A centaur (D:4)
  2 scorpions (D:4)
  Dowan (D:4)
  A giant frog skeleton (D:4)
  2 worker ants
  Jessica (D:3)
  3 gnolls (D:2)
  4 adders
  A river rat (D:4)
  4 worms
  5 giant geckos
  An orc (D:3)
  3 ball pythons
  7 giant cockroaches
  2 hobgoblins
  6 kobolds
  3 quokkas
  9 bats
  8 giant newts
  13 goblins
  10 jackals
  11 rats
101 creatures vanquished.

Notes
Turn   | Place    | Note
--------------------------------------------------------------
     0 | D:1      | lisu the Minotaur Fighter began the quest for the Orb.
     0 | D:1      | Reached XP level 1. HP: 19/19 MP: 0/0
   154 | D:1      | Reached XP level 2. HP: 27/27 MP: 1/1
   156 | D:1      | Reached skill level 4 in Fighting
   601 | D:2      | Found a sparkling altar of Nemelex Xobeh.
   991 | D:2      | Reached XP level 3. HP: 15/34 MP: 2/2
   995 | D:2      | Gained mutation: You are resistant to hostile enchantments. [potion of beneficial mutation]
  1554 | D:2      | Reached skill level 5 in Fighting
  1602 | D:2      | Reached XP level 4. HP: 23/42 MP: 3/3
  1912 | D:3      | Noticed Grinder
  1924 | D:3      | Paralysed by Grinder for 2 turns
  1937 | D:3      | Killed Grinder
  1937 | D:3      | Reached skill level 6 in Fighting
  1937 | D:3      | Reached skill level 5 in Shields
  1937 | D:3      | Reached XP level 5. HP: 26/51 MP: 4/4
  1937 | D:3      | Reached XP level 6. HP: 29/58 MP: 5/5
  1942 | D:3      | Found a burning altar of Makhleb.
  1942 | D:3      | Noticed an Executioner
  1946 | D:3      | Noticed an orange demon
  1946 | D:3      | Noticed a hellwing
  1948 | D:3      | Became a worshipper of Makhleb the Destroyer
  1957 | D:3      | Found a white marble altar of Elyvilon.
  1964 | D:3      | Found a bloodstained altar of Trog.
  2359 | D:3      | Noticed Jessica
  2371 | D:3      | Killed Jessica
  2697 | D:4      | Noticed Duvessa
  2697 | D:4      | Noticed Dowan
  2821 | D:4      | Reached * piety under Makhleb
  2821 | D:4      | Reached skill level 7 in Fighting
  3098 | D:4      | Reached XP level 7. HP: 60/66 MP: 6/6
  3102 | D:4      | Reached skill level 5 in Polearms
  3174 | D:4      | Found a glowing drain.
  3198 | Sewer    | Entered a sewer
  3341 | Sewer    | Reached ** piety under Makhleb
  3375 | Sewer    | Reached skill level 8 in Fighting
  3876 | D:4      | Killed Dowan
  3876 | D:4      | Reached skill level 1 in Invocations
  3881 | D:3      | Slain by Duvessa

Action                   |  1- 3 |  4- 6 |  7- 9 || total
-------------------------+-------+-------+-------++-------
Melee: Trident           |   104 |   105 |   117 ||   326
Invok: Minor Destruction |       |       |    10 ||    10
Evoke: Wand              |     1 |       |       ||     1
  Use: Potion            |     3 |       |       ||     3
       Scroll            |     2 |     3 |     2 ||     7
  Eat: Chunk             |     1 |     2 |     1 ||     4
       Bread ration      |     1 |       |       ||     1
       Pizza             |       |       |     1 ||     1
